 Dungeon Crawl Stone Soup version 0.28-a0-793-g31680bbd8b (webtiles) character file.

Game seed: 12399406870243395528

3035 croobank the Destroyer (level 9, -2/51 HPs)
             Began as a Tengu Conjurer on Nov 3, 2021.
             Slain by an orc warrior (11 damage)
             ... on level 7 of the Dungeon.
             The game lasted 01:49:06 (10449 turns).

croobank the Destroyer (Tengu Conjurer)            Turns: 10449, Time: 01:49:07

Health: -2/51      AC:  4    Str: 10    XL:     9   Next: 86%
Magic:  8/19       EV: 16    Int: 19    God:
Gold:   78         SH:  0    Dex: 13    Spells: 1/20 levels left

rFire   . . .      SeeInvis .   A - +4 quarterstaff (chaos)
rCold   . . .      Faith    .   (shield currently unavailable)
rNeg    . . .      Spirit   .   y - +2 robe {Archmagi}
rPois   .          Reflect  .   (helmet restricted)
rElec   .          Harm     .   (no cloak)
rCorr   .          Rampage  .   (no gloves)
Will    .....      Archmagi +   (boots unavailable)
Stlth   ++........              (no amulet)
HPRegen 0.17/turn               (no ring)
MPRegen 0.16/turn               (no ring)

@: flying quickly and evasively, quick
A: beak, talons 3, nimble flight
a: no special abilities


You were on level 7 of the Dungeon.
You visited 1 branch of the dungeon, and saw 8 of its levels.

You collected 333 gold pieces.
You spent 255 gold pieces at shops.

Inventory:

Hand Weapons
 f - a +1 halberd
 l - a +0 vorpal mace
 m - a +2 whip of electrocution
 o - a +0 vorpal short sword
 r - a +2 hand axe of holy wrath
 s - a +0 shortbow
 v - a +2 flail of protection
 A - a +4 quarterstaff of chaos (weapon)
Missiles
 a - 178 stones
 c - 12 bolts
 g - 20 poisoned darts
 k - 2 javelins
 p - 31 sling bullets
 t - 50 arrows
 u - 5 boomerangs
Armour
 d - a +3 leather armour of poison resistance
 e - a +0 ring mail
 q - a +0 scale mail
 y - a +2 robe of the Archmagi (worn)
 B - a +2 robe of willpower
Jewellery
 h - a ring of resist corrosion
 w - a ring of resist corrosion
Wands
 i - a wand of flame (12)
 C - a wand of polymorph (8)
Scrolls
 b - a scroll of teleportation
 j - a scroll of amnesia {unknown}
Potions
 n - a potion of ambrosia
 x - 3 potions of berserk rage {unknown}


   Skills:
 + Level 3.5 Fighting
 + Level 0.1 Short Blades
 + Level 5.0(5.5) Polearms
 + Level 3.2(4.6) Staves
 + Level 2.1 Throwing
 + Level 3.2 Armour
 + Level 4.8 Dodging
 + Level 3.9 Stealth
 + Level 6.2 Spellcasting
 + Level 10.0 Conjurations
 + Level 0.3 Air Magic
 + Level 1.3 Evocations


You had one spell level left.
You knew the following spells:

 Your Spells              Type           Power      Damage    Failure   Level
a - Magic Dart            Conj           100%       1d8       1%          1
b - Searing Ray           Conj           100%       2d8       1%          2
c - Sting                 Tmut/Pois      32%        1d4       11%         1
d - Dazzling Flash        Conj/Hex       74%        N/A       4%          3
e - Corpse Rot            Necr/Air       18%        N/A       16%         2
f - Poisonous Vapours     Pois/Air       18%        N/A       16%         2
g - Fulminant Prism       Conj/Hex       18%        3d11      14%         4
h - Iskenderun's Mystic   Conj/Tloc      37%        2d9       14%         4

Your spell library contained the following spells:

 Spells                   Type           Power      Damage    Failure   Level
 Olgreb's Toxic Radiance  Pois           8%         N/A       73%         4
 Chain Lightning          Conj/Air       19%        3d25      100%        9
 Fire Storm               Conj/Fire      18%        8d5       100%        9
 Shatter                  Erth           4%         3d7*      100%        9


Dungeon Overview and Level Annotations

Branches:
Dungeon (8/15)             Temple (0/1) D:4
   Lair: D:8-11

Altars:
Cheibriados
Sif Muna

Shops:
D:4 (   D:6 !   D:7 *


Innate Abilities, Weirdness & Mutations

You have a beak for a mouth.
You have claws for feet.
Your magical nature lets you fly swiftly and evasively.


Message History

You hit the orc warrior but do no damage.
The orc warrior is heavily wounded.
The orc warrior hits you with a +0 scimitar!
You closely miss the orc warrior. Your kick misses the orc warrior.
You peck the orc warrior, but do no damage.
The orc warrior is heavily wounded.
The orc warrior hits you with a +0 scimitar!!
* * * LOW HITPOINT WARNING * * *
Things that are here:
a +0 whip; a gnoll skeleton
Aiming: Magic Dart (safe; 1% risk of failure)
Press: ? - help, Q - select action, (/) - cycle Shift-Dir - straight line, f/p - orc warrior
Aim: an orc warrior, wielding a +0 scimitar and wearing a +0 plate armour (heavily wounded, 100% to hit)
You feel a surge of power!
The magic dart hits the jackal.
You kill the jackal!
There is a stone staircase leading up here.
Aiming: Magic Dart (safe; 1% risk of failure)
Press: ? - help, Q - select action, (/) - cycle Shift-Dir - straight line, f/p - orc warrior
Aim: an orc warrior, wielding a +0 scimitar and wearing a +0 plate armour (heavily wounded, 100% to hit)
You feel a surge of power!
The magic dart hits the orc warrior but does no damage.
The orc warrior is heavily wounded.
Things that are here:
a +0 flail; a +0 ring mail; an orc corpse
There is a stone staircase leading down here.
You fly downwards.
The kobold shouts! x2; You hear a shout!
The kobold shouts!
You hear a shout!
There is a stone staircase leading up here.
Aiming: Magic Dart (safe; 1% risk of failure)
Press: ? - help, Q - select action, (/) - cycle Shift-Dir - straight line, f - kobold
Aim: a kobold, wielding a +0 short sword (wandering, hasn't noticed you, 100% to hit)
You feel a surge of power!
The magic dart hits the kobold.
The kobold is moderately wounded.
The kobold shouts!
A kobold comes into view.
It is wielding a +0 short sword of venom.
A kobold brigand comes into view.
It is wielding a +0 short sword and quivering poisoned darts.
You can't go down here!
You fly upwards.
The orc warrior hits you with a +0 scimitar!
You die...

...#........#∩#.....#
...#........#.#...###
.......<...#...##.#
..........#.....#)#
........[.#.....#.####
..........[......).#.#
.......[......##.....###
#.......o..............###
#........@.........÷......
...............?......h...
.#................$......#
...................##....#
..................## ....#
...?..............# .....
#............!...## ...#
................# ...#


You could see an orc warrior.

Vanquished Creatures
  Pikel (D:6)
  Prince Ribbit (D:6)
  Eustachio (D:6)
  Menkaure (D:5)
  Edmund (D:4)
  The ghost of croobank the Digger, an amateur GrEE (D:4)
  2 sky beasts (D:6)
  An ogre (D:4)
  2 centaurs
  2 lemures (D:6)
  A wyvern zombie (D:4)
  Blork the orc (D:5)
  A water moccasin zombie (D:4)
  2 scorpions
  2 water moccasin skeletons (D:6)
  4 hounds
  2 bullfrog zombies
  A gnoll shaman (D:7)
  3 orc priests
  Crazy Yiuf (D:5)
  A bullfrog skeleton (D:5)
  Jessica (D:2)
  A centaur skeleton (D:6)
  4 iguanas
  Ijyb (D:3)
  6 orc wizards
  Natasha (thrice) (D:4)
  2 hound skeletons (D:4)
  10 gnolls
  8 adders
  An ufetubus (D:4)
  An adder zombie (D:5)
  A dart slug (D:5)
  14 orcs
  7 ball pythons
  5 bats
  7 endoplasms
  5 giant cockroaches
  6 goblins
  7 hobgoblins
  5 jackals
  8 quokkas
  2 frilled lizards
  6 kobolds
  A rat (D:1)
144 creatures vanquished.

Vanquished Creatures (collateral kills)
  A centaur zombie (D:4)
1 creature vanquished.

Vanquished Creatures (others)
  A centaur zombie (D:4)
1 creature vanquished.

Grand Total: 146 creatures vanquished

Notes
Turn   | Place    | Note
-------+----------+-------------------------------------------
     0 | D:1      | croobank the Tengu Conjurer began the quest for the Orb.
     0 | D:1      | Reached XP level 1. HP: 10/10 MP: 4/4
   121 | D:1      | Reached XP level 2. HP: 15/15 MP: 3/6
   444 | D:1      | Learned a level 2 spell: Searing Ray
   446 | D:1      | Learned a level 1 spell: Sting
   765 | D:1      | Found a faded altar of an unknown god.
   912 | D:1      | Reached skill level 6 in Conjurations
  1169 | D:2      | Reached XP level 3. HP: 19/19 MP: 2/7
  1387 | D:2      | Noticed Jessica
  1392 | D:2      | Killed Jessica
  1393 | D:2      | Reached XP level 4. HP: 24/24 MP: 4/8
  1805 | D:2      | Reached skill level 7 in Conjurations
  1808 | D:2      | Gained mutation: Your magical nature lets you fly swiftly
                  | and evasively. [Tengu growth]
  1808 | D:2      | Reached XP level 5. HP: 28/28 MP: 3/10
  1929 | D:2      | Learned a level 3 spell: Dazzling Flash
  2359 | D:3      | Reached skill level 1 in Armour
  2551 | D:3      | Reached XP level 6. HP: 27/32 MP: 7/12
  2913 | D:3      | Found a shimmering blue altar of Sif Muna.
  2923 | D:3      | Reached skill level 1 in Polearms
  3064 | D:3      | Noticed Ijyb
  3077 | D:3      | Killed Ijyb
  3078 | D:3      | Reached skill level 1 in Throwing
  3421 | D:4      | Reached skill level 1 in Fighting
  3595 | D:4      | Reached XP level 7. HP: 38/38 MP: 6/13
  3693 | D:4      | Found a transporter.
  3693 | D:4      | Noticed croobank's ghost (amateur GrEE)
  3703 | D:4      | Noticed Natasha
  3736 | D:5      | Entered Level 5 of the Dungeon
  4055 | D:4      | Killed Natasha
  4056 | D:4      | Reached skill level 8 in Conjurations
  4065 | D:4      | Learned a level 2 spell: Corpse Rot
  4145 | D:4      | Found a transporter.
  4147 | D:4      | Noticed Edmund
  4329 | D:5      | Found a snail-covered altar of Cheibriados.
  4654 | D:5      | Learned a level 2 spell: Poisonous Vapours
  4958 | D:4      | Killed Edmund
  4959 | D:4      | Reached XP level 8. HP: 34/43 MP: 5/15
  5367 | D:4      | Found a staircase to the Ecumenical Temple.
  5946 | D:4      | Noticed Natasha
  5952 | D:4      | Killed Natasha
  6038 | D:4      | Found Ugaxt's Antique Weapon Shop.
  6264 | D:5      | Noticed Menkaure
  6268 | D:5      | Killed Menkaure
  6947 | D:5      | Noticed Blork the orc
  6959 | D:5      | Killed Blork the orc
  7190 | D:5      | Found a runed translucent door.
  7191 | D:5      | Noticed Crazy Yiuf
  7202 | D:5      | Killed Crazy Yiuf
  7399 | D:5      | Reached skill level 5 in Spellcasting
  7404 | D:5      | Learned a level 4 spell: Fulminant Prism
  7782 | D:4      | Killed croobank's ghost
  8051 | D:4      | Noticed Natasha
  8054 | D:4      | Killed Natasha
  8543 | D:6      | Found Osiurig's Distillery.
  8566 | D:6      | Bought 2 potions of curing for 90 gold pieces
  8566 | D:6      | Bought 2 potions of curing for 90 gold pieces
  8566 | D:6      | Bought a potion of heal wounds for 75 gold pieces
  8589 | D:6      | Reached XP level 9. HP: 30/49 MP: 9/17
  9109 | D:6      | Noticed Pikel
  9167 | D:6      | Killed Pikel
  9168 | D:6      | Reached skill level 5 in Polearms
  9168 | D:6      | Reached skill level 9 in Conjurations
  9168 | D:6      | Reached skill level 1 in Evocations
  9587 | D:6      | Learned a level 4 spell: Iskenderun's Mystic Blast
  9775 | D:6      | Noticed Eustachio
  9785 | D:6      | Killed Eustachio
  9842 | D:6      | Noticed Prince Ribbit
  9852 | D:6      | Killed Prince Ribbit
 10144 | D:7      | Found Calaus's Neck Hole.
 10413 | D:7      | Reached skill level 10 in Conjurations
 10449 | D:7      | Slain by an orc warrior

Illustrated notes

Levels and vault maps discovered:
D:1:      lightli_arrival_boilingwater, layout_loops_corners,
          shapermc_ecumenical_altar_pompeii, kennysheep_another_room
D:2:      layout_basic, uniq_jessica
D:3:      layout_loops_cross, kennysheep_orc_sif_temple, uniq_ijyb
D:4:      layout_basic, minmay_temple_entry_mist, gammafunk_ghost_mausoleum,
          serial_shops, kennysheep_little_box, portal_sewer_entry_f,
          uniq_natasha, uniq_edmund
D:5:      layout_loops_cross, cheibriados_altar_1, uniq_menkaure,
          uniq_blork_the_orc, uniq_crazy_yiuf_cottage
D:6:      layout_loops_cross, serial_shops, nicolae_shop_waterfront,
          minmay_door_square, uniq_eustachio, uniq_pikel, uniq_prince_ribbit1
D:7:      layout_cave_pools, mainiacjoe_overflow_chevrons, serial_gnoll_camp,
          gnoll_camp_mini_basic, grums_kennel, gnoll_camp_mini_hut,
          gnoll_camp_mini_shop, gnoll_camp_mini_loothouse,
          nicolae_shop_sticking_my_neck_out, uniq_duvessa
D:8:      layout_basic, mainiacjoe_overflow_brackets, serial_shops, shop

Skill      XL: |  1  2  3  4  5  6  7  8  9 |
---------------+----------------------------+-----
Conjurations   | 6 7 8 10 | 10.0
Spellcasting   | 3 4 5 6 |  6.2
Armour         | 1 2 3 |  3.2
Polearms       | 1 2 4 5 |  5.0
Throwing       | 2 |  2.1
Fighting       | 1 2 3 |  3.5
Stealth        | 3 |  3.9
Dodging        | 4 |  4.8
Staves         | 3 |  3.2
Evocations     | 1 |  1.3
Short Blades   | |  0.1
Air Magic      | |  0.3

Action                   |  1- 3 |  4- 6 |  7- 9 || total
-------------------------+-------+-------+-------++-------
Melee: Dagger            |       |     5 |       ||     5
       Kick              |       |     4 |    27 ||    31
       Short sword       |       |     6 |       ||     6
       Peck              |       |     3 |    10 ||    13
       Halberd           |       |    12 |    77 ||    89
       Quarterstaff      |       |       |    32 ||    32
Throw: Dart              |       |    20 |       ||    20
 Cast: Magic Dart        |    43 |    96 |   187 ||   326
       Searing Ray       |       |     4 |    34 ||    38
       Sting             |       |     2 |       ||     2
       Dazzling Flash    |       |     1 |     1 ||     2
       Poisonous Vapours |       |       |     1 ||     1
Evoke: Wand              |       |       |     7 ||     7
  Use: Scroll            |       |     4 |     7 ||    11
       Potion            |       |     3 |    12 ||    15
 Stab: Sleeping          |       |       |     2 ||     2
Armor: Leather armour    |       |    17 |    29 ||    46
       Robe              |       |       |     6 ||     6
Dodge: Dodged            |       |    30 |   150 ||   180

Table legend: (Time is in decaauts)
 A = Elapsed time spent in this place.
 B = Non-inter-level travel time spent in this place.
 C = Inter-level travel time spent in this place.
 D = Time resting spent in this place.
 E = Time spent auto-exploring this place.
 F = Levels seen in this place.
 G = Mean time per level.
                   A        B        C        D        E       F      G
               +--------+--------+--------+--------+--------+-----+--------+
         Total |  10092 |  10002 |     90 |   3777 |   4377 |   8 | 1261.5 |
       Dungeon |  10092 |  10002 |     90 |   3777 |   4377 |   8 | 1261.5 |
               +--------+--------+--------+--------+--------+-----+--------+

Top non-repeatable levels by time:
     D:4: 2394 daAuts
     D:5: 2350 daAuts
     D:6: 1883 daAuts
     D:3: 1150 daAuts
     D:1: 1127 daAuts
     D:2: 1047 daAuts
     D:7: 136 daAuts
     D:8: 2 daAuts
